[Event "Nordic Youth Chess Championships 2022: Class C - U15"]
[Site "Scandic Helsingborg Nord, Florettgatan 41, Helsingborg, Sweden"]
[Date "2022.08.27"]
[Round "3.4"]
[White "Hald Falkesgaard, Jeppe"]
[Black "Religa, Marek"]
[Result "1-0"]
[WhiteElo "1962"]
[BlackElo "1653"]
[TimeControl "90 minutes with 30 seconds increment per move."]
[WhiteFideId "1464981"]
[BlackFideId "1750208"]

1.c4 e5 2.Nc3 c5 3.Nf3 Nc6 4.g3 g6 5.Bg2 Bg7 6.d3 Nge7 7.Ne4 d6 8.Bg5 h6 
9.Bf6 Bxf6 10.Nxf6+ Kf8 11.O-O Be6 12.Ne1 Kg7 13.Nd5 Rb8 14.Qd2 f5 15.Nc2 
Bf7 16.Nxe7 Qxe7 17.b4 Nd4 18.b5 Nxc2 19.Qxc2 a5 20.b6 Rhf8 21.Rab1 Be8 
22.Qc3 Ra8 23.Rb2 f4 24.Be4 g5 25.Kg2 Bd7 26.f3 h5 27.Rg1 a4 28.Kh1 Rab8 
29.gxf4 Rxf4 30.e3 Rff8 31.Rbg2 Kh6 32.Rxg5 Qxg5 33.Rxg5 Kxg5 34.Bd5 Bc6 
35.f4+ Kf6 36.Bxc6 bxc6 37.fxe5+ Ke6 38.exd6 Rxb6 39.Qg7 Rbb8 40.Qe7+ Kf5 
41.Qe4+ Kg5 42.h4+ Kh6 43.Qe6+ Kh7 44.Qe7+ Kg8 45.Qg5+ Kf7 46.Qf5+ Kg7 47.
Qg5+ Kf7 48.Qxh5+ Ke6 49.Qg6+ Kd7 50.h5 Rg8 51.Qf6 Rbe8 52.e4 Rgf8 53.Qg6 
Rg8 54.Qf5+ Kxd6 55.h6 Ref8 56.h7 Rh8 57.e5+ Kc7 58.Qg6 Kb6 59.a3 Kc7 60.
Kg2 Kb6 61.e6 Kc7 62.Qg7+ Kb6 63.Kg3 Ka6 64.Kg4 Kb6 65.e7 Re8 66.Kg5 Kc7 
67.Kf6 Kd7 68.Qg4+ Kc7 69.Qf4+ Kd7 70.Qf5+ Kc7 71.Kf7 Kd6 72.Qe6+ Kc7 73.
Kg7 Rc8 74.Qg8 Kd7 75.Qxh8 Rxh8 76.Kxh8 Kxe7 77.Kg7 Ke6 78.h8=Q Ke5 1-0

[Event "Nordic Youth Chess Championships 2022: Class C - U15"]
[Site "Scandic Helsingborg Nord, Florettgatan 41, Helsingborg, Sweden"]
[Date "2022.08.27"]
[Round "3.5"]
[White "Moisio, Miska"]
[Black "Gudmundsson, Gunnar Erik"]
[Result "1/2-1/2"]
[WhiteElo "1437"]
[BlackElo "1857"]
[TimeControl "90 minutes with 30 seconds increment per move."]
[WhiteFideId "515914"]
[BlackFideId "2314339"]

1.d4 Nf6 2.c4 e6 3.Nc3 Bb4 4.f3 d5 5.a3 Bxc3+ 6.bxc3 c5 7.cxd5 Nxd5 8.dxc5
Qa5 9.e4 Nf6 10.Be3 Nfd7 11.Qd4 O-O 12.Qb4 Qc7 13.Bb5 a5 14.Qd4 Na6 15.Qd6
Qxd6 16.cxd6 f6 17.Bxd7 Bxd7 18.c4 Rfc8 19.Rb1 Rc6 20.Rxb7 Bc8 21.Rb6 Rxc4
22.Ne2 Nb8 23.Kf2 Nd7 24.Rb3 Rc2 25.Rc1 Ra2 26.Rbc3 Ba6 27.R1c2 Rxc2 28.
Rxc2 Ne5 29.Nf4 Nc4 30.Nxe6 Nxd6 31.Rc7 Nf7 32.Rc5 Bc8 33.Nc7 Rb8 34.Nd5 
Bd7 35.Rxa5 Ne5 36.Ra7 Be6 37.Nf4 Bc4 38.a4 Rb2+ 39.Kg3 Bf1 40.Bd4 Ra2 41.
Bf2 h5 42.h4 g5 43.Nxh5 gxh4+ 44.Kxh4 Rxf2 45.Nxf6+ Kf8 46.Nd7+ Nxd7 47.
Rxd7 Rxg2 48.e5 Be2 49.e6 Ke8 50.Rf7 Bc4 51.a5 Bxe6 52.Ra7 Bd5 53.f4 Be4 
54.a6 Ra2 55.Kg5 Bd3 56.Ra8+ Kf7 57.Ra7+ Ke6 58.Ra8 1/2-1/2

[Event "Nordic Youth Chess Championships 2022: Class C - U15"]
[Site "Scandic Helsingborg Nord, Florettgatan 41, Helsingborg, Sweden"]
[Date "2022.08.27"]
[Round "3.6"]
[White "Jacobsen, Markus"]
[Black "Petersen, Elias"]
[Result "1-0"]
[WhiteElo "1324"]
[BlackElo "1423"]
[TimeControl "90 minutes with 30 seconds increment per move."]
[WhiteFideId "7202989"]
[BlackFideId "7202725"]

1.e4 e6 2.d4 d5 3.Nd2 c5 4.Ngf3 Nf6 5.e5 Nfd7 6.c3 Nc6 7.Be2 Be7 8.O-O O-O
9.Nb3 a6 10.Be3 Qc7 11.Ne1 b6 12.f4 Bb7 13.Bg4 Nd8 14.f5 exf5 15.Bxf5 c4 
16.Nd2 Re8 17.Rf3 Nf8 18.Rg3 Qc6 19.Qg4 g6 20.Qh5 Kh8 21.Qh6 Nfe6 22.Rh3 
Nf8 23.Bc2 Bc8 24.Rg3 Nfe6 25.Rh3 Nf8 26.Rg3 Nfe6 27.Nef3 Bf8 28.Qh4 Be7 
29.Bg5 Nxg5 30.Nxg5 Bxg5 31.Qxg5 Qe6 32.Rf1 Qe7 33.Qh6 Ne6 34.Rgf3 f5 35.
exf6 Qf8 36.f7 Rd8 37.Qh4 Qg7 38.Qxd8+ Nxd8 39.f8=Q+ Qxf8 40.Rxf8+ 1-0

[Event "Nordic Youth Chess Championships 2022: Class C - U15"]
[Site "Scandic Helsingborg Nord, Florettgatan 41, Helsingborg, Sweden"]
[Date "2022.08.27"]
[Round "4.1"]
[White "Lye, Sverre"]
[Black "Hald Falkesgaard, Jeppe"]
[Result "1-0"]
[WhiteElo "1963"]
[BlackElo "1962"]
[TimeControl "90 minutes with 30 seconds increment per move."]
[WhiteFideId "1539353"]
[BlackFideId "1464981"]

1.e4 c5 2.Nf3 e6 3.d4 cxd4 4.Nxd4 Nc6 5.Nc3 Qc7 6.Be3 a6 7.a3 b5 8.Nxc6 
dxc6 9.Qg4 Nf6 10.Qg3 e5 11.Be2 h5 12.f4 exf4 13.Bxf4 Qb7 14.e5 Nd5 15.
Nxd5 cxd5 16.O-O-O Be6 17.Rd3 b4 18.a4 b3 19.cxb3 h4 20.Qf3 Bb4 21.Kb1 Bf5
22.Ka2 Rd8 23.Rhd1 Be4 24.Qxe4 dxe4 25.Rxd8+ Ke7 26.Rxh8 Ba5 27.Bg5+ 1-0

[Event "Nordic Youth Chess Championships 2022: Class C - U15"]
[Site "Scandic Helsingborg Nord, Florettgatan 41, Helsingborg, Sweden"]
[Date "2022.08.27"]
[Round "4.2"]
[White "Nielsen-Refs, Karl-Emil Elmer"]
[Black "Skarphedinsson, Ingvar Wu"]
[Result "0-1"]
[WhiteElo "2057"]
[BlackElo "1875"]
[TimeControl "90 minutes with 30 seconds increment per move."]
[WhiteFideId "1452797"]
[BlackFideId "2316943"]

1.d4 Nf6 2.c4 g6 3.Nc3 Bg7 4.e4 O-O 5.Nf3 d6 6.Be2 e5 7.O-O exd4 8.Nxd4 
Re8 9.f3 Na6 10.Be3 Nc5 11.b4 Ne6 12.Rc1 a6 13.Qd2 Nxd4 14.Bxd4 Be6 15.
Rfd1 c6 16.Bf1 Qc7 17.Na4 Qe7 18.Bb6 Rac8 19.Qxd6 Qxd6 20.Rxd6 Bf8 21.Rd4 
Nd7 22.a3 c5 23.bxc5 Nxb6 24.cxb6 Bxa3 25.Rcd1 Be7 26.Rc1 Bg5 27.Re1 Red8 
28.Rxd8+ Bxd8 29.Rd1 Be7 30.c5 a5 31.Rc1 Bd7 32.c6 Rxc6 33.Rd1 Rd6 34.Ra1 
Bf6 35.Ra2 Bd4+ 36.Kh1 Bxa4 37.Rxa4 Bxb6 38.Ra1 Bc5 39.h4 b6 40.Kh2 Rd2 
41.Kh3 Kf8 42.Bc4 Ke7 43.Bd5 f5 44.Bg8 h6 45.exf5 gxf5 46.Bc4 Kf6 47.f4 
Rd4 48.Be2 Rxf4 49.g4 fxg4+ 50.Bxg4 Ke5 51.Kg3 Bf2+ 52.Kh3 h5 53.Bxh5 
Rxh4+ 54.Kg2 Rxh5 55.Kxf2 Kd4 56.Ra3 Re5 0-1

[Event "Nordic Youth Chess Championships 2022: Class C - U15"]
[Site "Scandic Helsingborg Nord, Florettgatan 41, Helsingborg, Sweden"]
[Date "2022.08.27"]
[Round "4.3"]
[White "Eliseev, Sergey"]
[Black "Trost, Edvin"]
[Result "0-1"]
[WhiteElo "2014"]
[BlackElo "2370"]
[TimeControl "90 minutes with 30 seconds increment per move."]
[BlackTitle "FM"]
[WhiteFideId "1534734"]
[BlackFideId "1729519"]

1.e4 c6 2.d4 d5 3.e5 Bf5 4.Nd2 e6 5.Nb3 Ne7 6.Nf3 Nd7 7.Be2 Bg4 8.Ng1 Bf5 
9.h4 h6 10.Be3 c5 11.f4 Be4 12.Nf3 Nf5 13.Bf2 Rc8 14.c3 cxd4 15.Nbxd4 Nxd4
16.Bxd4 Bc5 17.Bxc5 Rxc5 18.Bd3 Qb6 19.Rb1 Bxd3 20.Qxd3 Rc4 21.Nd4 Nc5 22.
Qe3 Ne4 23.O-O f5 24.Rfd1 O-O 25.Nc2 Qa5 26.Na3 Rc7 27.Rbc1 Rfc8 28.Rd3 b5
29.Rc2 Qa6 30.Qd4 b4 31.Nb1 Qxa2 32.Rd1 b3 33.Re2 Nxc3 34.Nxc3 Rxc3 35.
Red2 Rc1 36.Kh2 Kh7 37.Rxc1 Rxc1 38.Qd3 Qa4 39.Qg3 Qa1 40.Qe3 Rf1 41.Re2 
Qd1 42.Kg3 a5 43.Qd2 Qa1 44.h5 Rh1 45.Qd3 Qg1 46.Qf3 a4 47.Re3 a3 48.Rxb3 
a2 0-1

[Event "Nordic Youth Chess Championships 2022: Class C - U15"]
[Site "Scandic Helsingborg Nord, Florettgatan 41, Helsingborg, Sweden"]
[Date "2022.08.27"]
[Round "4.4"]
[White "Religa, Marek"]
[Black "Karde, Douglas"]
[Result "1-0"]
[WhiteElo "1653"]
[BlackElo "1655"]
[TimeControl "90 minutes with 30 seconds increment per move."]
[WhiteFideId "1750208"]
[BlackFideId "1761498"]

1.e4 c5 2.c4 Nc6 3.Nc3 e6 4.g3 d6 5.Nge2 Nge7 6.Bg2 g6 7.d4 cxd4 8.Nxd4 
Bg7 9.Be3 a6 10.O-O O-O 11.Qd2 Qc7 12.b3 Rd8 13.Rac1 Ne5 14.h3 b6 15.f4 
Nd7 16.f5 e5 17.Nd5 Nxd5 18.cxd5 Qb7 19.Nc6 Re8 20.g4 f6 21.h4 Nf8 22.Qb4 
Nd7 23.g5 Nc5 24.fxg6 fxg5 25.gxh7+ Kh8 26.hxg5 Nd3 27.Qxd6 Nxc1 28.Qg6 
Ne2+ 29.Kh2 Be6 30.dxe6 Nf4 31.Bxf4 exf4 32.e5 Qc7 33.Kh3 Rac8 34.Rd1 Red8
35.Nxd8 Rxd8 36.Rxd8+ Qxd8 37.Be4 Bxe5 38.Qf7 Bd6 39.Qf6+ Qxf6 40.gxf6 1-0

[Event "Nordic Youth Chess Championships 2022: Class C - U15"]
[Site "Scandic Helsingborg Nord, Florettgatan 41, Helsingborg, Sweden"]
[Date "2022.08.27"]
[Round "4.5"]
[White "Jacobsen, Markus"]
[Black "Moisio, Miska"]
[Result "0-1"]
[WhiteElo "1324"]
[BlackElo "1437"]
[TimeControl "90 minutes with 30 seconds increment per move."]
[WhiteFideId "7202989"]
[BlackFideId "515914"]

1.d4 d6 2.e4 Nf6 3.Nc3 e5 4.dxe5 dxe5 5.Qxd8+ Kxd8 6.Bg5 c6 7.O-O-O+ Nd7 
8.Nf3 Ke8 9.a3 Be7 10.Bd3 h6 11.Bh4 Nh5 12.Bxe7 Kxe7 13.Nh4 g6 14.g3 Ng7 
15.f4 g5 16.Ng2 Ne6 17.Bc4 b5 18.Bxe6 Kxe6 19.f5+ Ke7 20.h4 f6 21.hxg5 
fxg5 22.g4 a5 23.b4 axb4 24.axb4 Nf6 25.Ne3 Ra3 26.Kb2 Rxc3 27.Kxc3 Nxe4+ 
28.Kb3 Nf2 29.Rhf1 Nxd1 30.Rxd1 h5 31.Rh1 h4 32.c4 Rd8 33.Kc3 Rd4 34.Re1 
bxc4 35.Nxc4 Rxg4 36.Nxe5 Rg3+ 37.Kd4 Kf6 38.Nxc6 Bxf5 39.b5 h3 40.b6 Rb3 
41.Kc5 h2 42.Rh1 Rb2 43.Nb4 Be4 44.Nd5+ Ke5 0-1

[Event "Nordic Youth Chess Championships 2022: Class C - U15"]
[Site "Scandic Helsingborg Nord, Florettgatan 41, Helsingborg, Sweden"]
[Date "2022.08.27"]
[Round "4.6"]
[White "Gudmundsson, Gunnar Erik"]
[Black "Petersen, Elias"]
[Result "1-0"]
[WhiteElo "1857"]
[BlackElo "1423"]
[TimeControl "90 minutes with 30 seconds increment per move."]
[WhiteFideId "2314339"]
[BlackFideId "7202725"]

1.d4 d5 2.c4 e6 3.Nc3 Nf6 4.cxd5 exd5 5.Bg5 c6 6.e3 Be7 7.Bd3 O-O 8.Nge2 
Re8 9.Qc2 h6 10.Bh4 Be6 11.O-O Nbd7 12.f3 Nb6 13.Kh1 Rc8 14.Rae1 c5 15.Qd2
Nc4 16.Bxc4 dxc4 17.Rd1 Nd5 18.Bxe7 Qxe7 19.Nxd5 Bxd5 20.Nc3 Bc6 21.d5 Bd7
22.e4 f5 23.Rde1 Qd6 24.Qe2 fxe4 25.fxe4 Re5 26.Qxc4 Rce8 27.a4 a6 28.Qd3 
b5 29.b3 b4 30.Nb1 Rh5 31.h3 Ree5 32.Nd2 Reg5 33.Re3 Qg6 34.Qe2 Rg4 35.e5 
Bf5 36.Rff3 Rhh4 37.Kg1 Rg5 38.e6 Rd4 39.e7 Qe8 40.Re5 g6 41.Kh1 Kg7 42.
Nc4 Bd3 43.Rxd3 Rxd3 44.Rxg5 hxg5 45.Qxd3 Qxe7 46.d6 Qd7 47.Nb6 Qe6 48.Qd1
Qe8 49.d7 Qd8 50.Qe1 Qxb6 51.Qe7+ Kh6 52.d8=Q 1-0

[Event "Nordic Youth Chess Championships 2022: Class C - U15"]
[Site "Scandic Helsingborg Nord, Florettgatan 41, Helsingborg, Sweden"]
[Date "2022.08.28"]
[Round "5.1"]
[White "Trost, Edvin"]
[Black "Skarphedinsson, Ingvar Wu"]
[Result "1/2-1/2"]
[WhiteElo "2370"]
[BlackElo "1875"]
[TimeControl "90 minutes with 30 seconds increment per move."]
[WhiteTitle "FM"]
[WhiteFideId "1729519"]
[BlackFideId "2316943"]

1.d4 Nf6 2.Nf3 g6 3.Nbd2 Bg7 4.e4 d6 5.Bb5+ Bd7 6.a4 e5 7.c3 O-O 8.O-O Re8
9.Re1 Bxb5 10.axb5 Nbd7 11.d5 Nc5 12.Qc2 Nh5 13.Nf1 Nf4 14.Be3 Qc8 15.Ra3 
Qg4 16.Bxf4 exf4 17.N1d2 f5 18.exf5 Rxe1+ 19.Nxe1 Qe2 20.Ra1 gxf5 21.Ndf3 
Qxb5 22.Rd1 Qa4 23.Qxa4 Nxa4 24.Nd3 Bf6 25.Rd2 Nc5 26.Nxf4 Kf7 27.Kf1 a5 
28.Nd3 Ne4 29.Rc2 a4 30.Nd4 a3 31.bxa3 Rxa3 32.Nb5 Ra1+ 33.Ke2 c6 34.dxc6 
bxc6 35.Nd4 Ra2 36.Rxa2 Nxc3+ 37.Kf3 Nxa2 38.Nxc6 Nc3 39.Ncb4 Be5 40.g3 
Ke6 41.Nc2 Nd5 42.Nce1 Bf6 43.Kg2 Bg5 44.Nc2 Bf6 45.Kf3 Be5 46.Kg2 Bf6 47.
f4 Kd7 48.Kf3 h5 49.Nce1 Kc6 50.Nc2 Bc3 51.Na3 Nb4 52.Nxb4+ Bxb4 53.Nc2 
Bc5 54.Ne1 Kd5 55.Ke2 Ke6 56.Nf3 Kf6 57.Kd3 d5 58.Kc3 Ke6 59.Kb3 Kd6 60.
Nh4 Ke6 61.Kc3 Bg1 62.Nf3 Bc5 63.Kd3 Kd6 64.Nh4 Ke6 65.Nf3 Kd6 66.Ng5 Bg1 
67.Nf3 Bc5 68.Kc3 Ke6 69.Kc2 Kd6 70.Kc3 Ke6 71.Kd3 Kd6 72.Kc3 1/2-1/2

[Event "Nordic Youth Chess Championships 2022: Class C - U15"]
[Site "Scandic Helsingborg Nord, Florettgatan 41, Helsingborg, Sweden"]
[Date "2022.08.28"]
[Round "5.2"]
[White "Nielsen-Refs, Karl-Emil Elmer"]
[Black "Lye, Sverre"]
[Result "0-1"]
[WhiteElo "2057"]
[BlackElo "1963"]
[TimeControl "90 minutes with 30 seconds increment per move."]
[WhiteFideId "1452797"]
[BlackFideId "1539353"]

1.d4 Nf6 2.c4 c5 3.d5 b5 4.cxb5 a6 5.bxa6 e6 6.Nc3 exd5 7.Nxd5 Be7 8.Nxe7 
Qxe7 9.g3 Bxa6 10.Bg2 d5 11.e3 Nc6 12.Ne2 O-O 13.O-O Nb4 14.a3 Nd3 15.Qc2 
Rab8 16.Rd1 c4 17.Nf4 Qe5 18.Qa4 Bb5 19.Qc2 Ne4 20.Nxd3 cxd3 21.Qb1 Rfc8 
22.f3 Nd6 23.a4 Bc4 24.b4 Nf5 25.f4 Qe7 26.Bd2 Nxe3 27.Re1 d4 28.b5 Qa7 
29.Be4 Nc2 30.Rc1 Nxa1 31.Qxa1 Re8 32.Rxc4 Rxe4 33.a5 Re2 34.Qc1 Qb7 35.
Rc6 Qxb5 36.a6 Qd5 37.Rc8+ Re8 38.Rc7 Qa2 39.Kg2 Qxa6 40.Rd7 Rbc8 41.Qd1 
Qc6+ 0-1

[Event "Nordic Youth Chess Championships 2022: Class C - U15"]
[Site "Scandic Helsingborg Nord, Florettgatan 41, Helsingborg, Sweden"]
[Date "2022.08.28"]
[Round "5.3"]
[White "Hald Falkesgaard, Jeppe"]
[Black "Eliseev, Sergey"]
[Result "0-1"]
[WhiteElo "1962"]
[BlackElo "2014"]
[TimeControl "90 minutes with 30 seconds increment per move."]
[WhiteFideId "1464981"]
[BlackFideId "1534734"]

1.d4 Nf6 2.c4 e6 3.Nc3 Bb4 4.e3 O-O 5.Bd3 d5 6.Ne2 dxc4 7.Bxc4 c5 8.O-O 
Qc7 9.d5 a6 10.e4 Bxc3 11.Nxc3 b5 12.d6 Qc6 13.e5 Bb7 14.f3 Nfd7 15.Bd3 
Nxe5 16.Be4 Qd7 17.f4 Nc4 18.Qh5 f5 19.Bxb7 Qxb7 20.Rd1 Qc6 21.b3 Nxd6 22.
Be3 Nd7 23.Rac1 Nf6 24.Qe2 Rfd8 25.Kh1 Nde4 26.Nxe4 Qxe4 27.Re1 Nd5 28.Qf2
Nxe3 29.Rxe3 Qd4 30.Qe2 Qxf4 31.Rf1 Qg4 32.Qxg4 fxg4 33.Rxe6 Rd2 34.h3 g3 
35.Re3 Rxa2 36.Rxg3 h6 37.Rd3 Ra7 38.h4 Ra3 39.h5 Ra8 40.Rd7 Rxb3 41.Kh2 
Rb4 42.Kh3 Rf8 43.Rc1 Rc4 44.Ra1 Rcf4 45.Rxa6 R4f7 46.Rd2 Rc7 47.Rb6 b4 
48.Rc2 Rfc8 49.Rc4 Rc6 50.Rb7 R8c7 51.Rb5 Kf7 52.Kg4 Ke6 53.Re4+ Kd6 54.
Re2 Kd5 55.Rb8 Kc4 56.Re4+ Kd3 57.Re1 c4 58.Rd8+ Kc2 59.Re2+ Kb3 60.Rd1 c3
61.Rb1+ Ka4 0-1

[Event "Nordic Youth Chess Championships 2022: Class C - U15"]
[Site "Scandic Helsingborg Nord, Florettgatan 41, Helsingborg, Sweden"]
[Date "2022.08.28"]
[Round "5.4"]
[White "Moisio, Miska"]
[Black "Religa, Marek"]
[Result "0-1"]
[WhiteElo "1437"]
[BlackElo "1653"]
[TimeControl "90 minutes with 30 seconds increment per move."]
[WhiteFideId "515914"]
[BlackFideId "1750208"]

1.d4 f5 2.Bg5 h6 3.Bh4 g5 4.Bg3 Bg7 5.e3 c5 6.Be5 Nf6 7.Bxf6 Bxf6 8.Qh5+ 
Kf8 9.h4 Qb6 10.Nd2 cxd4 11.exd4 Nc6 12.Qg6 Nxd4 13.Bc4 d5 14.Bxd5 Be6 15.
Bxe6 Qxe6+ 16.Kd1 Qc6 17.hxg5 Qxg2 18.Qh5 hxg5 19.Qf7+ 0-1

[Event "Nordic Youth Chess Championships 2022: Class C - U15"]
[Site "Scandic Helsingborg Nord, Florettgatan 41, Helsingborg, Sweden"]
[Date "2022.08.28"]
[Round "5.5"]
[White "Gudmundsson, Gunnar Erik"]
[Black "Jacobsen, Markus"]
[Result "1/2-1/2"]
[WhiteElo "1857"]
[BlackElo "1324"]
[TimeControl "90 minutes with 30 seconds increment per move."]
[WhiteFideId "2314339"]
[BlackFideId "7202989"]

1.d4 d5 2.c4 c6 3.Nc3 e6 4.e3 Nf6 5.Nf3 Bd6 6.Qc2 O-O 7.Be2 Nbd7 8.O-O b6 
9.b3 Bb7 10.Bb2 Rc8 11.Bd3 dxc4 12.Bxc4 c5 13.Qe2 cxd4 14.Nxd4 Qe7 15.Rfd1
Ne5 16.Bb5 Nd5 17.Nxd5 Bxd5 18.e4 Ba8 19.Ba6 Rcd8 20.Nb5 Bb8 21.Ba3 Qh4 
22.Bxf8 Rxf8 23.f3 f5 24.Nd6 fxe4 25.fxe4 Ng4 26.h3 Nf2 27.Rf1 Nxh3+ 28.
gxh3 Qg3+ 29.Qg2 Qe3+ 30.Kh1 Rxf1+ 31.Rxf1 Bxd6 32.Be2 Bxe4 33.Bf3 Bf5 34.
Bg4 Be4 35.Bf3 Bf5 36.Bg4 Be4 1/2-1/2

[Event "Nordic Youth Chess Championships 2022: Class C - U15"]
[Site "Scandic Helsingborg Nord, Florettgatan 41, Helsingborg, Sweden"]
[Date "2022.08.28"]
[Round "5.6"]
[White "Petersen, Elias"]
[Black "Karde, Douglas"]
[Result "0-1"]
[WhiteElo "1423"]
[BlackElo "1655"]
[TimeControl "90 minutes with 30 seconds increment per move."]
[WhiteFideId "7202725"]
[BlackFideId "1761498"]

1.e4 c5 2.Nf3 Nc6 3.d4 cxd4 4.Nxd4 Qb6 5.Nb3 Nf6 6.Nc3 e6 7.Be3 Qc7 8.Be2 
Bb4 9.f3 O-O 10.O-O Bxc3 11.bxc3 d5 12.Bd3 b6 13.Bg5 Qe5 14.f4 Qxc3 15.e5 
Ne4 16.Rf3 Qb4 17.a3 Qa4 18.Rh3 Nxg5 19.fxg5 g6 20.Qe2 Qf4 21.Rf1 Qxe5 22.
Qg4 a5 23.Qh4 Qg7 24.Rf6 Ne5 25.Be2 Nd7 26.Rf1 a4 27.Nd4 Nc5 28.Nb5 Ba6 
29.Kh1 Rac8 30.c3 Ne4 31.Rff3 Bxb5 32.Bxb5 Nxc3 33.Bf1 Ne4 34.Rd3 f6 35.
gxf6 Rxf6 36.Rdf3 Rcf8 37.Be2 Nf2+ 0-1

[Event "Nordic Youth Chess Championships 2022: Class C - U15"]
[Site "Scandic Helsingborg Nord, Florettgatan 41, Helsingborg, Sweden"]
[Date "2022.08.28"]
[Round "6.1"]
[White "Eliseev, Sergey"]
[Black "Lye, Sverre"]
[Result "0-1"]
[WhiteElo "2014"]
[BlackElo "1963"]
[TimeControl "90 minutes with 30 seconds increment per move."]
[WhiteFideId "1534734"]
[BlackFideId "1539353"]

1.e4 c5 2.Nc3 Nc6 3.Nge2 e5 4.Nd5 d6 5.Nec3 Be6 6.Bc4 g6 7.d3 Bg7 8.h4 h6 
9.Be3 Qd7 10.a3 Nf6 11.Qf3 Ng4 12.Nc7+ Qxc7 13.Nb5 Qe7 14.Bxe6 Nf6 15.Bb3 
Nd4 16.Bxd4 cxd4 17.a4 O-O 18.g4 a6 19.Na3 b5 20.h5 d5 21.hxg6 Qb4+ 22.Ke2
bxa4 23.g5 axb3 24.gxh6 fxg6 25.Qg3 Ra7 26.Qxg6 Raf7 27.hxg7 Rxg7 28.Qh6 
Ng4 29.Qe6+ Rff7 30.Rag1 Qe7 31.Qc8+ Qf8 32.Qxf8+ Kxf8 33.f3 Ne3 34.cxb3 
dxe4 35.fxe4 Rxg1 36.Rxg1 Rb7 37.Nc4 Nxc4 38.bxc4 Rxb2+ 39.Ke1 Rb1+ 40.Kf2
Rxg1 41.Kxg1 a5 0-1

[Event "Nordic Youth Chess Championships 2022: Class C - U15"]
[Site "Scandic Helsingborg Nord, Florettgatan 41, Helsingborg, Sweden"]
[Date "2022.08.28"]
[Round "6.2"]
[White "Skarphedinsson, Ingvar Wu"]
[Black "Religa, Marek"]
[Result "0-1"]
[WhiteElo "1875"]
[BlackElo "1653"]
[TimeControl "90 minutes with 30 seconds increment per move."]
[WhiteFideId "2316943"]
[BlackFideId "1750208"]

1.e4 d6 2.d4 Nf6 3.Nc3 e5 4.Nf3 Nbd7 5.Bc4 Be7 6.O-O c6 7.a4 Qc7 8.h3 O-O 
9.Be3 exd4 10.Nxd4 Nc5 11.f3 a5 12.Nb3 Nxb3 13.Bxb3 Be6 14.Ba2 Bxa2 15.
Rxa2 d5 16.exd5 Rad8 17.Qe2 Nxd5 18.Nxd5 Rxd5 19.Raa1 Re8 20.Qf2 Qe5 21.c4
Bh4 22.Qxh4 Qxe3+ 23.Kh1 Rd2 24.Rae1 Re2 25.Rxe2 Qxe2 26.Rf2 Qe1+ 27.Kh2 
c5 28.Qg3 h5 29.h4 Qb4 30.Qg5 Qxc4 31.Qxh5 Qxa4 32.Qg5 Qd4 33.Rd2 Qe5+ 34.
Qxe5 Rxe5 35.Rd8+ Kh7 36.Rd7 b5 37.Rxf7 Re2 38.b3 Rb2 39.Kh3 Rxb3 40.h5 
Rb4 41.g4 a4 42.Rd7 a3 43.Rd1 a2 44.Ra1 Ra4 45.g5 b4 46.g6+ Kh6 47.Kg4 b3+
0-1

[Event "Nordic Youth Chess Championships 2022: Class C - U15"]
[Site "Scandic Helsingborg Nord, Florettgatan 41, Helsingborg, Sweden"]
[Date "2022.08.28"]
[Round "6.3"]
[White "Moisio, Miska"]
[Black "Trost, Edvin"]
[Result "0-1"]
[WhiteElo "1437"]
[BlackElo "2370"]
[TimeControl "90 minutes with 30 seconds increment per move."]
[BlackTitle "FM"]
[WhiteFideId "515914"]
[BlackFideId "1729519"]

1.d4 g6 2.c4 Bg7 3.f3 d5 4.Nc3 dxc4 5.e3 Nf6 6.Bxc4 O-O 7.Nge2 Nc6 8.e4 e5
9.d5 Na5 10.Bd3 c5 11.b3 Ne8 12.Be3 b6 13.Na4 Nd6 14.Nb2 Bh6 15.Qd2 Bxe3 
16.Qxe3 Qh4+ 17.Qf2 Qe7 18.g4 Bd7 19.Rc1 f5 20.gxf5 gxf5 21.Qg3+ Kh8 22.h4
Rg8 23.Qh2 fxe4 24.fxe4 Rg4 25.Nc3 Rag8 26.Rc2 b5 27.Rf2 c4 28.bxc4 bxc4 
29.Be2 Rg3 30.Kd2 Rh3 31.Qxh3 Bxh3 32.Rxh3 Qb7 33.Kc2 Rb8 34.Nba4 Nxe4 35.
Rf8+ 0-1

[Event "Nordic Youth Chess Championships 2022: Class C - U15"]
[Site "Scandic Helsingborg Nord, Florettgatan 41, Helsingborg, Sweden"]
[Date "2022.08.28"]
[Round "6.4"]
[White "Karde, Douglas"]
[Black "Jacobsen, Markus"]
[Result "1/2-1/2"]
[WhiteElo "1655"]
[BlackElo "1324"]
[TimeControl "90 minutes with 30 seconds increment per move."]
[WhiteFideId "1761498"]
[BlackFideId "7202989"]

1.e4 e5 2.Nc3 Nf6 3.f4 d5 4.fxe5 Nxe4 5.Qf3 Nxc3 6.bxc3 Be7 7.d4 O-O 8.Ne2
c5 9.Nf4 Be6 10.Bd3 Nc6 11.Qf2 cxd4 12.cxd4 Bb4+ 13.Bd2 Bxd2+ 14.Qxd2 Nxd4
15.Bxh7+ Kxh7 16.Qxd4 Qa5+ 17.c3 Rac8 18.O-O Rfd8 19.Rf3 Qb6 20.Qxb6 axb6 
21.Nxe6 fxe6 22.Rf7 Rxc3 23.Rxb7 Re3 24.Rxb6 Rxe5 25.a4 d4 26.a5 d3 27.Rd1
d2 28.Kf2 Rf8+ 29.Kg3 Re2 30.a6 Rff2 31.a7 Rxg2+ 32.Kf3 Rgf2+ 1/2-1/2

[Event "Nordic Youth Chess Championships 2022: Class C - U15"]
[Site "Scandic Helsingborg Nord, Florettgatan 41, Helsingborg, Sweden"]
[Date "2022.08.28"]
[Round "6.5"]
[White "Hald Falkesgaard, Jeppe"]
[Black "Gudmundsson, Gunnar Erik"]
[Result "1-0"]
[WhiteElo "1962"]
[BlackElo "1857"]
[TimeControl "90 minutes with 30 seconds increment per move."]
[WhiteFideId "1464981"]
[BlackFideId "2314339"]

1.c4 Nf6 2.Nc3 e6 3.e4 d5 4.e5 d4 5.exf6 dxc3 6.bxc3 Qxf6 7.Nf3 b6 8.d4 
Bb7 9.Be2 h6 10.O-O Bd6 11.a4 a5 12.Be3 Nd7 13.Qc2 O-O 14.Rab1 Rab8 15.
Rfe1 Rfe8 16.Nd2 Qe7 17.Bd3 f5 18.d5 f4 19.Bd4 e5 20.f3 Nf6 21.Bf2 g5 22.
Bf5 Kg7 23.Ne4 Nxe4 24.Qxe4 Ba6 25.Be6 Qf6 26.c5 bxc5 27.Bd7 Red8 28.Bb5 
Bc8 29.Qc4 Qe7 30.Bc6 Rb6 31.Bb5 Bf5 32.Rb2 h5 33.Rbe2 Kh6 34.Kh1 Rbb8 35.
Bc6 Bc8 36.Qd3 Rg8 37.Qc4 g4 38.Bxc5 Bxc5 39.d6 Be6 40.Rxe5 Bxc4 41.dxe7 
Bxe7 42.Rxe7 g3 43.R7e4 Bd3 44.Rxf4 gxh2 45.Rd4 Bf5 46.Re5 Bh3 47.f4 Bc8 
48.Rxa5 Bb7 49.Bxb7 Rxb7 50.Rdd5 Rb3 51.Rxh5+ Kg6 52.Rhg5+ Kh7 53.Rxg8 
Kxg8 54.Rc5 Ra3 55.a5 Kf8 56.Kxh2 Ke8 57.Rxc7 Rxa5 58.g4 Rd5 59.Kg3 Kd8 
60.Rc4 Ke7 61.g5 Rd1 62.Kg4 Ke6 63.Re4+ Kf7 64.Kf5 Rd6 65.g6+ Kg8 66.Kg5 
Rd3 67.f5 Rd1 68.Re8+ 1-0

[Event "Nordic Youth Chess Championships 2022: Class C - U15"]
[Site "Scandic Helsingborg Nord, Florettgatan 41, Helsingborg, Sweden"]
[Date "2022.08.28"]
[Round "6.6"]
[White "Petersen, Elias"]
[Black "Nielsen-Refs, Karl-Emil Elmer"]
[Result "0-1"]
[WhiteElo "1423"]
[BlackElo "2057"]
[TimeControl "90 minutes with 30 seconds increment per move."]
[WhiteFideId "7202725"]
[BlackFideId "1452797"]

1.e4 c5 2.Nf3 d6 3.d4 cxd4 4.Nxd4 Nf6 5.Nc3 g6 6.h3 Bg7 7.Be3 O-O 8.Qd2 
Nc6 9.Nb3 a6 10.a4 Be6 11.Nd4 d5 12.Nxe6 fxe6 13.O-O-O Qa5 14.b3 d4 15.
Bxd4 Nxd4 16.Qxd4 Nd5 17.b4 Nxb4 18.Qc4 Bxc3 19.Qxe6+ Kh8 20.Qb3 Bg7 21.
Rd7 Na2+ 22.Qxa2 Qe1+ 23.Rd1 Bh6+ 24.Kb2 Qxd1 0-1

[Event "Nordic Youth Chess Championships 2022: Class D - U13"]
[Site "Scandic Helsingborg Nord, Florettgatan 41, Helsingborg, Sweden"]
[Date "2022.08.27"]
[Round "4.1"]
[White "Zander, Emil"]
[Black "Medhus, Vitus Bondo"]
[Result "1-0"]
[WhiteElo "1991"]
[BlackElo "2050"]
[TimeControl "90 minutes with 30 seconds increment per move."]
[WhiteFideId "1467123"]
[BlackFideId "1462547"]

1.e4 c5 2.Nf3 Nc6 3.d4 cxd4 4.Nxd4 e5 5.Nb5 d6 6.N1c3 a6 7.Na3 Be7 8.Be3 
Nf6 9.Nc4 b5 10.Nb6 Rb8 11.Nxc8 Qxc8 12.Be2 O-O 13.a3 Rd8 14.O-O Qe6 15.
Bf3 Bf8 16.Nd5 Ne7 17.a4 Nexd5 18.exd5 Qf5 19.axb5 axb5 20.g4 Qc8 21.g5 
Nd7 22.Qe2 Qc7 23.Ra7 Rb7 24.Rfa1 Rdb8 25.R7a6 Be7 26.Be4 Qd8 27.Qg4 Nc5 
28.Bxc5 dxc5 29.d6 Bf8 30.Bxb7 Rxb7 31.Ra8 Qxd6 32.Rd1 Qg6 33.Rdd8 1-0